 Dungeon Crawl Stone Soup version 0.29-a0-91-gdebf4667c2 (webtiles) character file.

Game seed: 16014192870670748287

67 lordive the Bolt Thrower (level 4, -3/27 HPs)
             Began as a Kobold Hunter on Feb 7, 2022.
             Slain by a gnoll (11 damage)
             ... on level 1 of the Dungeon.
             The game lasted 00:02:44 (2295 turns).

lordive the Bolt Thrower (Kobold Hunter)            Turns: 2295, Time: 00:02:45

Health: -3/27      AC:  5    Str:  9    XL:     4   Next: 40%
Magic:  4/4        EV: 14    Int: 14    God:
Gold:   66         SH:  0    Dex: 15    Spells: 3/3 levels left

rFire   . . .      SeeInvis .   a - +1 hand crossbow
rCold   . . .      Faith    .   (no shield)
rNeg    . . .      Spirit   .   c - +0 leather armour
rPois   .          Reflect  .   m - +2 hat
rElec   .          Harm     .   (no cloak)
rCorr   .          Rampage  .   (no gloves)
Will    .....                   (no boots)
Stlth   +++.......              (no amulet)
HPRegen 0.09/turn               (no ring)
MPRegen 0.09/turn               (no ring)

@: no status effects
A: small, no large weapons, nightstalker 3
a: no special abilities


You were on level 1 of the Dungeon.
You visited 1 branch of the dungeon, and saw 2 of its levels.

You collected 66 gold pieces.

Inventory:

Hand Weapons
 a - a +1 hand crossbow (weapon)
 n - a +1 dagger of speed
Missiles
 d - 12 bolts (quivered ammo)
Armour
 c - a +0 leather armour (worn)
 m - a +2 hat (worn)
Jewellery
 e - a ring of resist corrosion
Scrolls
 f - 2 scrolls of identify {unknown}
 g - a scroll of amnesia {unknown}
 j - 2 scrolls of enchant weapon {unknown}
 k - a scroll of acquirement {unknown}
Potions
 h - a potion of degeneration {unknown}
 i - 3 potions of curing {unknown}
 l - a potion of lignification {unknown}


   Skills:
 + Level 2.8 Fighting
 + Level 1.2 Short Blades
 + Level 5.1 Crossbows
 + Level 1.8 Armour
 + Level 2.5 Dodging
 + Level 2.2 Stealth


You had 3 spell levels left.
You didn't know any spells.
Your spell library was empty.

Dungeon Overview and Level Annotations

Branches:
Dungeon (2/15)

Altars:


Innate Abilities, Weirdness & Mutations

You are small and have problems with some larger weapons.
You are completely attuned to the shadows.


Message History

You are too injured to fight recklessly!
You are too injured to fight recklessly!
You are too injured to fight recklessly!
You are too injured to fight recklessly!
You are too injured to fight recklessly!
You are too injured to fight recklessly!
You are too injured to fight recklessly!
You are too injured to fight recklessly!
You are too injured to fight recklessly!
You are too injured to fight recklessly!
You are too injured to fight recklessly!
Unknown command.
a - a +1 hand crossbow (weapon)
Fire: 16 bolts
Press: ? - help, Q - select action Shift-Dir - straight line, f - gnoll
Aim: a gnoll, wielding a +4 flail (69% to hit)
You shoot a bolt.
The bolt hits the gnoll but does no damage.
The gnoll hits you with a +4 flail.
* * * LOW HITPOINT WARNING * * *
The gnoll barely misses you.
Fire: 15 bolts
Press: ? - help, Q - select action Shift-Dir - straight line, f/p - gnoll
Aim: a gnoll, wielding a +4 flail (69% to hit)
You shoot a bolt.
The bolt hits the gnoll but does no damage.
The gnoll completely misses you.
Fire: 14 bolts
Press: ? - help, Q - select action Shift-Dir - straight line, f/p - gnoll
Aim: a gnoll, wielding a +4 flail (69% to hit)
You shoot a bolt. The bolt barely misses the gnoll.
The gnoll barely misses you.
Unknown command.
Fire: 13 bolts
Press: ? - help, Q - select action Shift-Dir - straight line, f/p - gnoll
Aim: a gnoll, wielding a +4 flail (69% to hit)
You shoot a bolt. The bolt hits the gnoll!
The gnoll is severely wounded.
The gnoll hits you with a +4 flail!
You die...

#.##....# #............#.##.#..##
#.#...########...#####.#........#
#.#..#..............##.#####...##
#.#.)#.########..##.#..# #..##
#.#..#.#.........##.#..# #...#
#.#..#†#.##.##...##.#..#####..##
#.#).#.#.....................##
#.#..#.##≈..≈.≈..#########..##
#.#..#.#.≈##≈#(g@............#
#.#..#.#..≈8.≈≈........#....##
#.#..#.#.≈#≈≈####≈.....#...##
#.#..#...≈≈#≈≈≈≈#≈.....##.##
..#..#...≈≈≈≈.≈..#.#...####
.....#...≈.#≈..≈≈'≈#...##.##
#.#.......≈#_.≈..'≈.......†##
.......#...#≈≈≈≈≈'≈######...##
#.#......≈.#..≈..#≈# #....#


You could see a gnoll.

Vanquished Creatures
  Natasha (D:2)
  An adder (D:2)
  3 ball pythons
  2 endoplasms (D:2)
  A giant cockroach (D:2)
  3 goblins
  2 hobgoblins (D:1)
  6 kobolds
  2 quokkas
  3 bats (D:1)
  4 frilled lizards
  3 rats
  A spectral kobold (D:1)
32 creatures vanquished.

Notes
Turn   | Place    | Note
-------+----------+-------------------------------------------
     0 | D:1      | lordive the Kobold Hunter began the quest for the Orb.
     0 | D:1      | Reached XP level 1. HP: 12/12 MP: 1/1
   273 | D:1      | Reached skill level 5 in Crossbows
   661 | D:1      | Reached XP level 2. HP: 18/18 MP: 2/2
   836 | D:1      | Found a faded altar of an unknown god.
  1663 | D:1      | Reached XP level 3. HP: 22/22 MP: 3/3
  1756 | D:1      | Reached skill level 1 in Armour
  2024 | D:2      | Noticed Natasha
  2029 | D:2      | Killed Natasha
  2030 | D:2      | Reached skill level 1 in Short Blades
  2030 | D:2      | Reached XP level 4. HP: 27/27 MP: 4/4
  2295 | D:1      | Slain by a gnoll

Illustrated notes

Levels and vault maps discovered:
D:1:      tarquinn_simple_flora_water_e, layout_basic,
          dreamdust_ecumenical_altar_drowned_temple, nicolae_figureground_pulse
D:2:      layout_rooms, serial_corexii_hall, chequers_hall_statues_wall_a,
          chequers_hall_statues_y, uniq_natasha

Skill      XL: |  1  2  3 |
---------------+----------+-----
Crossbows      | 5 |  5.1
Armour         | 1 |  1.8
Short Blades   | 1 |  1.2
Stealth        | 2 |  2.2
Fighting       | |  2.8
Dodging        | |  2.5

Action                   |  1- 3 |  4- 6 || total
-------------------------+-------+-------++-------
Melee: Short sword       |    77 |    12 ||    89
       Dagger            |       |    27 ||    27
 Fire: Hand crossbow     |    18 |     6 ||    24
 Stab: Sleeping          |     9 |     2 ||    11
Armor: Leather armour    |    20 |     9 ||    29
Dodge: Dodged            |    71 |    26 ||    97

Table legend: (Time is in decaauts)
 A = Elapsed time spent in this place.
 B = Non-inter-level travel time spent in this place.
 C = Inter-level travel time spent in this place.
 D = Time resting spent in this place.
 E = Time spent auto-exploring this place.
 F = Levels seen in this place.
 G = Mean time per level.
                   A        B        C        D        E       F      G
               +--------+--------+--------+--------+--------+-----+--------+
         Total |   2318 |   2267 |     51 |      0 |   1955 |   2 | 1159.0 |
       Dungeon |   2318 |   2267 |     51 |      0 |   1955 |   2 | 1159.0 |
               +--------+--------+--------+--------+--------+-----+--------+

Top non-repeatable levels by time:
     D:1: 1969 daAuts
     D:2: 348 daAuts
